Zazza, neutral female human Tourist --------------- ---------------- |$............| |..............| |.............| |..............| ------ |..............#######:@f########%#####|..............| |....| |.............| #|..............-## ##.....| -.-------.---.- #--.----|-------- # # |....| ############### ######################-..^.| ### ### ### # # # |....| # ### # ### ### ##.....| ### ##### ### # # ------ # -----.-.- # ### # # # ### |.......|############################# # # -----.-- |.......| ---.------ -.--.-# |..<....## |.......|############.........| |....|# |......| # |.......|# |........| |....|# |.......######|........############-........| .....+# |......| # #---------# |.[......| ----.- |.......################# |>.......| # -------- ---------- Zazza the Rambler Experience level: 1 Strength: 11 Dexterity: 11 Constitution: 16 Intelligence: 11 Wisdom: 12 Charisma: 16 Health: 0(10) Energy: 2(2) Def: 4 Gold: 1110 Moves: 802 Dungeon seed: EDkja5t8Av1vn6Wv Game ID: Zazza_1536677128 Your Inventory: Coins $ - 1110 gold pieces Weapons a - 40 +2 darts (in quiver) r - 5 blessed +0 shuriken x - a +0 orcish dagger (weapon in hand) Armor e - an uncursed +0 Hawaiian shirt (being worn) n - a cursed -2 pair of levitation boots q - an uncursed +2 pair of gauntlets of dexterity (being worn) y - an uncursed +0 orcish helm (being worn) Comestibles b - an uncursed egg c - 2 uncursed fortune cookies d - 6 uncursed food rations f - 3 uncursed bananas g - an uncursed orange h - an uncursed tin of spinach m - an uncursed lichen corpse Scrolls j - an uncursed scroll of magic mapping o - an uncursed scroll of create monster w - an uncursed scroll of scare monster Spellbooks p - an uncursed spellbook of force bolt Potions i - 2 uncursed potions of extra healing u - an uncursed potion of levitation Rings s - a blessed +1 ring of increase accuracy z - an uncursed ring of protection from shape changers Wands t - a wand of fire (0:8) Tools k - an expensive camera (0:48) l - an uncursed credit card v - an uncursed leash Spells and supernatural/magical abilities: Name Level Category Fail Memory W - pray for help -- divine ? -- Your skills at the end: Fighting Skills Weapon Skills dart [Basic] Spellcasting Skills Final Attributes: You were nominally aligned. You are dead. Vanquished creatures: 3 jackals 3 foxes 2 goblins 2 sewer rats 3 grid bugs 3 lichens 3 newts 19 creatures vanquished. Voluntary challenges: You were an atheist. You used a wielded weapon 8 times, starting on turn 773. You read items or engraved 3 times, starting on turn 48. You never genocided any monsters. You never polymorphed an object. You never changed form. You used no wishes. You never split a pudding. You never wrote Elbereth's name. You never violated your personal moral code. Dungeon overview: The Dungeons of Doom: levels 1 to 3 Level 1 a fountain a long staircase Level 2 a fountain a long staircase Level 3 <- You were here History has recorded: On T:1 you entered the Dungeons of Doom to retrieve the Amulet of Yendor! On T:169 you reached level 2 of The Dungeons of Doom. On T:570 you reached level 3 of The Dungeons of Doom. Score breakdown: Gold: 248 ( 8151 points) Experience: 1 level ( 0 points) Exploration: 3 levels ( 6.00%) ( 6060 points) Discoveries: 1 item ( 0.34%) ( 1737 points) Valuables value: (no points given unless you survive) Artifact value: 0 ( 0 points) Variety of kills: 7 monsters ( 1.84%) ( 4066 points) Turncount: 802 turns ( 0 points) Survival: died (score multiplied by 80%) Total score: 16011 Latest messages: The door opens. z - an engagement ring. You displace Armand. Armand is hit by an arrow! You hit it. (3x) You kill the lichen! You see here a lichen corpse. You hit it. You miss it. The newt bites! You hit it. (2x) The newt bites! You miss it. You kill the newt! You miss it. The newt bites! You miss it. (2x) The newt bites! You miss it. (2x) The newt bites! You miss it. (2x) The newt bites! You miss it. (2x) The newt bites! You die... Final status: Aloha Zazza the Tourist, killed by a newt... You died in The Dungeons of Doom on dungeon level 3 with 16011 points, and 1110 pieces of gold, after 802 moves. You were level 1 with a maximum of 10 hit points when you died.